 Dungeon Crawl Stone Soup version 0.21.1-1-g345015fe64 (webtiles) character file.

42820 Bergy the Fighter (level 14, -15/92 HPs)
             Began as a Gargoyle Fighter on July 26, 2018.
             Was a High Priest of Makhleb.
             Blown up by an orb spider (28 damage)
             ... with a wavering orb of destruction
             ... on level 1 of the Spider Nest.
             The game lasted 01:15:56 (16253 turns).

Bergy the Fighter (Gargoyle Fighter)               Turns: 16253, Time: 01:15:56

Health: -15/92     AC: 21    Str: 24    XL:     14   Next: 21%
Magic:  14/14      EV: 13    Int: 13    God:    Makhleb [*****.]
Gold:   1079       SH:  0    Dex: 13    Spells: 13/13 levels left

rFire    + . .     SeeInvis .   p - +3 hand axe (drain)
rCold    + . .     Gourm    .   c - +0 shield
rNeg     + . .     Faith    .   o - +1 ring mail "Metiar" {rF+ rC+ Int+4 Dex+3}
rPois    ∞         Spirit   .   k - +0 helmet
rElec    +         Reflect  .   (no cloak)
rCorr    +         Harm     .   G - +0 pair of gloves
MR       +....                  (no boots)
Stlth    ..........             d - amulet of regeneration
HPRegen  0.65/turn              j - +4 ring of evasion
MPRegen  0.14/turn              A - ring of resist corrosion

@: confused
A: big wings, negative energy resistance 1, electricity resistance, unbreathing,
petrification resistance, rot immunity, AC +10
a: Fly, Minor Destruction, Lesser Servant of Makhleb, Major Destruction, Greater
Servant of Makhleb, Renounce Religion


You were on level 1 of the Spider Nest.
You worshipped Makhleb.
Makhleb was extremely pleased with you.
You were near starving.

You visited 4 branches of the dungeon, and saw 17 of its levels.

You collected 1079 gold pieces.

Inventory:

Hand Weapons
 p - a +3 hand axe of draining (weapon)
 y - a +3 flail
Missiles
 z - 14 tomahawks (quivered)
Armour
 c - a +0 shield (worn)
 k - a +0 helmet (worn)
 o - the +1 ring mail "Metiar" (worn) {rF+ rC+ Int+4 Dex+3}
   (You found it on level 4 of the Dungeon)

   It affects your intelligence (+4).
   It affects your dexterity (+3).
   It protects you from fire.
   It protects you from cold.
 G - a +0 pair of gloves (worn)
Jewellery
 d - an amulet of regeneration (around neck)
 j - a +4 ring of evasion (left hand)
 m - an uncursed ring of protection from fire
 A - a ring of resist corrosion (right hand)
Wands
 b - a wand of scattershot (2)
 u - a wand of flame (15)
 P - a wand of paralysis (9)
Scrolls
 g - 4 scrolls of magic mapping {unknown}
 l - a scroll of blinking
 n - a scroll of torment {unknown}
 q - 3 scrolls of summoning {unknown}
 t - 2 scrolls of fear {unknown}
 v - 5 scrolls of teleportation
 B - a scroll of holy word {unknown}
 C - 2 scrolls of enchant weapon {unknown}
 F - a scroll of amnesia {unknown}
 I - 2 scrolls of remove curse
 J - 2 scrolls of random uselessness {unknown}
 K - 2 scrolls of fog {unknown}
 M - a scroll of enchant armour {unknown}
 R - 2 scrolls of immolation {unknown}
Potions
 e - 6 potions of curing
 i - a potion of magic {unknown}
 r - 4 potions of flight {unknown}
 w - a potion of resistance {unknown}
 x - 2 potions of mutation
 D - a potion of haste {unknown}
 E - a potion of degeneration {unknown}
 H - 3 potions of cancellation {unknown}
 L - a potion of might
 N - a potion of agility
 S - a potion of heal wounds
Books
 h - a book of Fire

   Spells                             Type                      Level
   a - Ignite Poison                  Fire/Transmutation/Poison    3
   b - Fireball                       Conjuration/Fire             5
   c - Bolt of Fire                   Conjuration/Fire             6
   d - Ring of Flames                 Charms/Fire                  7
   e - Ignition                       Fire                         8
 O - a book of Necromancy

   Spells                             Type                      Level
   a - Pain                           Necromancy                   1
   b - Animate Skeleton               Necromancy                   1
   c - Vampiric Draining              Necromancy                   3
   d - Regeneration                   Charms/Necromancy            3
   e - Animate Dead                   Necromancy                   4
   f - Borgnjor's Vile Clutch         Necromancy/Earth             5
Comestibles
 f - 35 rations


   Skills:
 + Level 12.9 Fighting
 - Level 12.8(14.0) Axes
 + Level 10.9(13.7) Maces & Flails
 + Level 9.6 Armour
 - Level 0.3 Stealth
 + Level 10.3 Shields


You had 13 spell levels left.
You didn't know any spells.

Dungeon Overview and Level Annotations

Branches:
Dungeon (9/15)             Temple (1/1) D:6            Lair (6/6) D:9
  Swamp (0/4) Lair:4       Spider (1/4) Lair:3        Slime (0/5) Lair:6
    Orc: D:9-12

Altars:
Ashenzari
Cheibriados
Dithmenos
Elyvilon
Fedhas
Gozag
Hepliaklqana
Kikubaaqudgha
Makhleb
Nemelex Xobeh
Okawaru
Qazlal
Ru
Sif Muna
Trog
Uskayaw
Vehumet
Wu Jian
Xom
Yredelemnul
Zin
The Shining One

Shops:
D:4 }

Annotations:
D:5 Lynxxx's ghost, novice GnSk
Lair:1 exclusion: 2 oklob plants
Lair:2 exclusion: oklob plant


Innate Abilities, Weirdness & Mutations

You are resistant to torment.
Your stone body is resilient. (AC +10)
You are immune to poison.
Your large and strong wings let you fly indefinitely.
You resist negative energy. (rN+)
You are resistant to electric shocks. (rElec)
You can survive without breathing.
You are immune to petrification.
You are immune to rotting.


Message History

An orb of destruction comes into view.
Your shield and ring mail "Metiar" prevent you from hitting the orb spider.
The orb spider is heavily wounded.
The orb spider spins a strand of pure energy.
You block the orb of destruction.
The orb of destruction dissipates.
The orb spider spins a strand of pure energy.
The orb spider weaves a glowing orb of energy.
An orb of destruction comes into view.
The orb spider pulsates with a strange energy.
The orb of destruction hits you!
Ouch! That really hurt!
* * * LOW HITPOINT WARNING * * *
The orb spider weaves a glowing orb of energy.
An orb of destruction comes into view.
You are too injured to fight recklessly!
You are too injured to fight recklessly!
You are confused.
You feel invigorated.
The wavering orb of destruction hits you!
You die...

≈≈≈≈........
#≈..^.^....
#..../.....
#.<...##
##......##
##........# #
#.....ss.## .##
#......§###s..#
#......@(.....#
#.............#
##..####......#
#### ##....##
#...# ^..# #..#
###


You could see 3 orb spiders.

Vanquished Creatures
  Nessos (Lair:4)
  4 hydras
  4 two-headed ogres
  A catoblepas (Lair:4)
  3 death yaks (Lair:6)
  An oklob plant (Lair:3)
  Joseph (D:8)
  A torpor snail (Lair:6)
  4 black mambas
  A rime drake (Lair:6)
  16 spiny frogs
  A centaur skeleton (D:9)
  2 demonic crawlers (Lair:3)
  6 komodo dragons
  4 jumping spiders (Lair:3)
  10 polar bears
  7 hornets (Lair:6)
  Prince Ribbit (Lair:2)
  7 dream sheep (Lair:5)
  13 blink frogs
  7 hippogriffs
  3 redbacks (Lair:3)
  15 spriggans
  Sigmund (D:3)
  19 yaks
  2 basilisks (Lair:6)
  9 water moccasins
  8 porcupines
  Duvessa (D:6)
  4 sky beasts
  5 orc warriors
  2 ice beasts
  A phantom (D:9)
  3 black bears
  3 boggarts (Lair:6)
  16 wolves (Lair:6)
  3 ogres
  A centaur (D:5)
  13 crocodiles
  A big kobold (D:8)
  Blork the orc (D:5)
  8 bullfrogs
  Dowan (D:6)
  3 scorpions (D:9)
  2 wyvern skeletons
  13 killer bees
  2 electric eels (Lair:5)
  A howler monkey (D:5)
  4 wights (D:6)
  2 crimson imps
  A bullfrog zombie (D:9)
  8 hounds
  4 jellies
  6 orc priests
  11 orc wizards
  4 iguanas
  5 worker ants
  A hound zombie (D:5)
  9 gnolls
  A worker ant zombie (D:5)
  17 adders
  An ooze (Lair:6)
  2 adder skeletons
  3 worms
  4 dart slugs
  4 leopard geckos
  28 orcs
  3 ball pythons
  6 bats
  4 giant cockroaches
  7 goblins
  7 hobgoblins
  3 jackals (D:1)
  10 kobolds
  3 quokkas
  A ball python skeleton (D:5)
  6 frilled lizards
  A jackal zombie (D:9)
  A quokka skeleton (D:4)
  9 rats
  2 fungi
414 creatures vanquished.

Vanquished Creatures (others)
  15 fungi
  12 plants
27 creatures vanquished.

Grand Total: 441 creatures vanquished

Notes
Turn   | Place    | Note
-------+----------+-------------------------------------------
     0 | D:1      | Bergy the Gargoyle Fighter began the quest for the Orb.
     0 | D:1      | Reached XP level 1. HP: 14/14 MP: 1/1
   148 | D:1      | Reached XP level 2. HP: 19/19 MP: 2/2
   596 | D:1      | Reached XP level 3. HP: 23/23 MP: 3/3
  1233 | D:2      | Reached XP level 4. HP: 28/28 MP: 4/4
  1716 | D:2      | Found a shadowy altar of Dithmenos.
  2239 | D:2      | Reached skill level 5 in Maces & Flails
  2246 | D:2      | Reached XP level 5. HP: 14/32 MP: 5/5
  2524 | D:3      | Noticed Sigmund
  2547 | D:3      | Killed Sigmund
  2547 | D:3      | Reached XP level 6. HP: 37/37 MP: 6/6
  3524 | D:4      | Reached XP level 7. HP: 39/41 MP: 7/7
  3547 | D:4      | Got a brightly glowing ring mail
  3548 | D:4      | Identified the cursed +1 ring mail "Metiar" {rF+ rC+ Int+4 Dex+3} (You found it on level 4 of the Dungeon)
  3802 | D:4      | Found Cywihiud's Gadget Boutique.
  4180 | D:5      | Entered Level 5 of the Dungeon
  4357 | D:5      | Reached XP level 8. HP: 46/46 MP: 8/8
  4520 | D:5      | Noticed Lynxxx's ghost (novice GnSk)
  4574 | D:5      | Noticed Blork the orc
  4607 | D:5      | Killed Blork the orc
  4796 | D:5      | Found a sacrificial altar of Ru.
  4797 | D:5      | Found a deep blue altar of Sif Muna.
  4800 | D:5      | Found a snail-covered altar of Cheibriados.
  5417 | D:5      | Reached skill level 10 in Maces & Flails
  5968 | D:6      | Reached skill level 1 in Axes
  6065 | D:6      | Found a staircase to the Ecumenical Temple.
  6089 | D:6      | Found a shimmering altar of Xom.
  6105 | Temple   | Entered the Ecumenical Temple
  6397 | D:6      | Reached XP level 9. HP: 52/52 MP: 9/9
  6496 | D:6      | Noticed Duvessa
  6499 | D:6      | Noticed Dowan
  6532 | D:6      | Killed Duvessa
  6545 | D:6      | Killed Dowan
  6689 | D:7      | Found a glowing golden altar of the Shining One.
  7079 | D:7      | Found an ornate altar of the Wu Jian Council.
  7130 | D:7      | Reached skill level 5 in Axes
  7490 | D:8      | Reached XP level 10. HP: 56/56 MP: 10/10
  7796 | D:8      | Noticed Joseph
  7831 | D:8      | Killed Joseph
  8025 | D:8      | Noticed a two-headed ogre
  8051 | D:8      | Killed a two-headed ogre
  8112 | D:8      | Found a burning altar of Makhleb.
  8115 | D:8      | Became a worshipper of Makhleb the Destroyer
  8441 | D:9      | Found a basalt altar of Yredelemnul.
  8557 | D:9      | Reached skill level 10 in Axes
  8621 | D:9      | Noticed a two-headed ogre
  8639 | D:9      | Killed a two-headed ogre
  8666 | D:9      | Reached XP level 11. HP: 55/62 MP: 11/11
  8749 | D:9      | Noticed a two-headed ogre
  8769 | D:9      | Killed a two-headed ogre
  8769 | D:9      | Reached * piety under Makhleb
  8769 | D:9      | Reached skill level 5 in Fighting
  9092 | D:9      | Found an ancient bone altar of Kikubaaqudgha.
  9158 | D:9      | Found a staircase to the Lair.
  9172 | D:9      | Noticed a two-headed ogre
  9184 | D:9      | Killed a two-headed ogre
  9347 | D:9      | Reached ** piety under Makhleb
  9401 | Lair:1   | Entered Level 1 of the Lair of Beasts
  9402 | Lair:1   | Found an ancient bone altar of Kikubaaqudgha.
  9442 | Lair:1   | Reached skill level 5 in Armour
  9768 | Lair:1   | Noticed an oklob plant
  9960 | Lair:1   | Noticed an oklob plant
 10446 | Lair:2   | Noticed an oklob plant
 10541 | Lair:2   | Noticed a five-headed hydra
 10543 | Lair:2   | Reached XP level 12. HP: 72/72 MP: 12/12
 10555 | Lair:2   | Killed a five-headed hydra
 10665 | Lair:2   | Noticed Prince Ribbit
 10675 | Lair:2   | Killed Prince Ribbit
 10857 | Lair:2   | Found a snail-covered altar of Cheibriados.
 11144 | Lair:3   | Found a labyrinth entrance.
 11272 | Lair:3   | Noticed a five-headed hydra
 11290 | Lair:3   | Killed a five-headed hydra
 11512 | Lair:3   | You fall through a shaft for 3 floors!
 11512 | Lair:6   | Entered Level 6 of the Lair of Beasts
 11552 | Lair:6   | Reached skill level 10 in Fighting
 11576 | Lair:5   | Reached *** piety under Makhleb
 11628 | Lair:5   | Found a hazy altar of Hepliaklqana.
 11687 | Lair:5   | Noticed a five-headed hydra
 12047 | Lair:5   | Reached skill level 5 in Shields
 12208 | Lair:5   | Reached XP level 13. HP: 83/83 MP: 13/13
 12828 | Lair:4   | Found a staircase to the Swamp.
 13261 | Lair:4   | Noticed Nessos
 13298 | Lair:4   | Killed Nessos
 13332 | Lair:4   | Reached **** piety under Makhleb
 13848 | Lair:3   | Found a hole to the Spider Nest.
 15125 | Lair:6   | Reached ***** piety under Makhleb
 15349 | Lair:6   | Gained mutation: Your large and strong wings let you fly indefinitely. [Gargoyle growth]
 15349 | Lair:6   | Reached XP level 14. HP: 92/92 MP: 14/14
 15489 | Lair:6   | Reached skill level 10 in Shields
 15510 | Lair:6   | Found a staircase to the Slime Pits.
 16129 | Spider:1 | Entered Level 1 of the Spider Nest
 16251 | Spider:1 | HP: 3/92 [disintegration (50)]
 16253 | Spider:1 | Blown up by an orb spider

Skill      XL: |  1  2  3  4  5  6  7  8  9 10 11 12 13 14 |
---------------+-------------------------------------------+-----
Maces & Flails | 3 4 5 6 7 9 10 | 10.9
Axes           | 2 7 10 12 | 12.8
Fighting       | 4 7 10 12 | 12.9
Armour         | 4 6 8 9 |  9.6
Shields        | 5 9 10 | 10.3
Stealth        | |  0.3

Action                   |  1- 3 |  4- 6 |  7- 9 | 10-12 | 13-15 || total
-------------------------+-------+-------+-------+-------+-------++-------
Melee: Flail             |   116 |   323 |   240 |    69 |    42 ||   790
       Hand axe          |       |       |   162 |   788 |   759 ||  1709
Evoke: Wand              |       |       |       |     1 |     2 ||     3
  Use: Scroll            |       |     4 |     8 |     6 |     6 ||    24
       Potion            |       |     2 |     1 |     2 |     5 ||    10
  Eat: Chunk             |     1 |     7 |    14 |    16 |     9 ||    47
       Ration            |       |       |       |       |     1 ||     1
Armor: Scale mail        |    86 |    52 |       |       |       ||   138
       Chain mail        |       |   158 |   110 |       |       ||   268
       Ring mail         |       |       |    32 |   308 |   322 ||   662
Dodge: Dodged            |    52 |    92 |   128 |   329 |   307 ||   908
Block: Shield            |    77 |   181 |   191 |   336 |   392 ||  1177
